 Dungeon Crawl Stone Soup version 0.24.1 (webtiles) character file.

Game seed: 18323365128949617140, levelgen mode: deterministic

52 funkygono the Digger (level 3, -1/19 HPs)
             Began as a Gargoyle Earth Elementalist on Mar 23, 2020.
             Slain by an ice beast (16 damage)
             ... on level 3 of the Dungeon.
             The game lasted 00:06:19 (1577 turns).

funkygono the Digger (Gargoyle Earth Elementalist)  Turns: 1577, Time: 00:06:19

Health: -1/19      AC:  7    Str: 11    XL:     3   Next: 85%
Magic:  4/7        EV: 12    Int: 16    God:
Gold:   137        SH:  0    Dex: 16    Spells: 3/7 levels left

rFire    + . .     SeeInvis .   h - +0 club
rCold    x . .     Gourm    .   (no shield)
rNeg     + . .     Faith    +   n - +1 leather armour
rPois    ∞         Spirit   .   (no helmet)
rElec    +         Reflect  .   (no cloak)
rCorr    .         Harm     .   (no gloves)
MR       .....                  (no boots)
Stlth    ++........             a - amulet of faith
HPRegen  0.06/turn              f - ring of fire
MPRegen  0.10/turn              o - +6 ring of dexterity

@: no status effects
A: negative energy resistance 1, electricity resistance, unbreathing,
petrification resistance, rot immunity, AC +3
a: no special abilities


You were on level 3 of the Dungeon.
You were not hungry.

You visited 1 branch of the dungeon, and saw 3 of its levels.

You collected 137 gold pieces.

Inventory:

Hand Weapons
 h - a +0 club (weapon)
Missiles
 b - 69 stones (quivered)
Armour
 c - a +0 robe
 n - a +1 leather armour (worn)
Jewellery
 a - an amulet of faith (around neck)
 f - a ring of fire (left hand)
 o - a +6 ring of dexterity (right hand)
Scrolls
 e - 4 scrolls of identify
 l - a scroll of teleportation
 m - a scroll of blinking
Potions
 g - a potion of haste
 i - 3 potions of flight
 j - a potion of heal wounds
 r - a potion of brilliance
Comestibles
 d - 2 rations
 k - a chunk of flesh


   Skills:
 * Level 0.2 Armour
 + Level 1.7 Dodging
 + Level 2.3 Stealth
 + Level 2.9 Spellcasting
 * Level 1.2 Conjurations
   Level 0.7 Transmutations
 + Level 4.2 Earth Magic


You had 3 spell levels left.
You knew the following spells:

 Your Spells              Type           Power        Failure   Level  Hunger
a - Sandblast             Erth           ###...       4%          1    #......
b - Stone Arrow           Conj/Erth      ##....       24%         3    ###....

Your spell library contained the following spells:

 Spells                   Type           Power        Failure   Level  Hunger
 Passwall                 Tmut/Erth      ##......     14%         2    ##.....
 Petrify                  Tmut/Erth      ##......     65%         4    #####..
 Lee's Rapid Deconstruct  Erth           ###.......   77%         5    ######.


Dungeon Overview and Level Annotations

Branches:
Dungeon (3/15)

Altars:


Innate Abilities, Weirdness & Mutations

You are resistant to torment.
Your stone body is resilient. (AC +3)
You are immune to poison.
You resist negative energy. (rN+)
You are resistant to electric shocks. (rElec)
You can survive without breathing.
You are immune to petrification.
You are immune to rotting.


Message History

Aim: an ice beast (lightly wounded)
The blast of sand hits the ice beast.
The ice beast is moderately wounded.
b - 69 stones The ice beast misses you.
You hit the ice beast but do no damage.
The ice beast is moderately wounded.
The ice beast hits you but does no damage.
The ice beast closely misses you.
You hit the ice beast.
The ice beast is heavily wounded.
The ice beast hits you but does no damage.
You hit the ice beast but do no damage.
The ice beast is heavily wounded.
The ice beast closely misses you.
You hit the ice beast but do no damage.
The ice beast is heavily wounded.
The ice beast hits you. The ice beast freezes you!
You feel a terrible chill!
Ouch! That really hurt!
You die...

.. ......# .#
......# ..
.(....# .. #.
......# ... #.
......# ....
#.#......+
....##..Y.....#
#...@## +#
#.....##..
#.....##.#
#......#.#
#....#.#.#
#....#.).##+##
#....##......#
#######.>....#
. ##.....##..


You could see an ice beast.

Vanquished Creatures
  An adder (D:3)
  A dart slug (D:1)
  2 leopard geckos
  2 giant cockroaches
  2 goblins
  7 hobgoblins (D:1)
  4 jackals (D:2)
  A kobold (D:1)
  A quokka (D:2)
  8 bats
  8 rats
37 creatures vanquished.

Notes
Turn   | Place    | Note
-------+----------+-------------------------------------------
     0 | D:1      | funkygono the Gargoyle Earth Elementalist began the quest
                  | for the Orb.
     0 | D:1      | Reached XP level 1. HP: 10/10 MP: 3/3
   115 | D:1      | Reached skill level 4 in Earth Magic
   115 | D:1      | Reached XP level 2. HP: 15/15 MP: 1/5
   895 | D:2      | Reached XP level 3. HP: 19/19 MP: 4/7
   900 | D:2      | Learned a level 3 spell: Stone Arrow
  1539 | D:3      | Reached skill level 1 in Conjurations
  1570 | D:3      | Noticed an ice beast
  1577 | D:3      | Slain by an ice beast

Levels and vault maps discovered:
D:1:      dpeg_arrival_pits, layout_basic, chequers_garden, minmay_ruptured
D:2:      layout_basic
D:3:      layout_basic, first_ration, led_sif_pool, uniq_sigmund, uniq_jessica

Skill      XL: |  1  2  3 |
---------------+----------+-----
Earth Magic    | 4 |  4.2
Conjurations   | 1 |  1.2
Armour         | |  0.2
Dodging        | |  1.7
Stealth        | |  2.3
Spellcasting   | |  2.9
Transmutations | |  0.7

Action                   || total
-------------------------++-------
Melee: Unarmed           ||     5
       Club              ||    18
 Cast: Sandblast         ||    48
  Use: Scroll            ||     8
  Eat: Chunk             ||     3
Armor: Robe              ||     6
       Leather armour    ||     4
Dodge: Dodged            ||    31
